Map: Kairos Junction LE

Players

Impact

  • Race: Zerg Zerg
  • League: Grandmaster
  • Spawn Location: 5:00

NORTHAMERICA - Winner!

  • Race: Protoss Protoss
  • League: Grandmaster
  • Spawn Location: 11:00

VOD

Have the link to the VOD?

Description

Time

  • Played on: Dec. 21, 2018, 5:53 a.m.
  • Length: 17:25
Show
View Real Time Build Order
Export as new Build Order

Impact Zerg 

Build Orders: Hatch First 

Get SALT Encoding   

  12  0:01  Drone  
  13  0:12  Overlord  
  13  0:16  Drone  
  14  0:31  Drone  
  15  0:44  Hatchery  
  15  0:48  Drone  
  15  0:52  Drone  
  15  0:55  Drone  
  17  1:01  Drone  
  18  1:10  Extractor  
  17  1:15  Spawning Pool  
  17  1:18  Drone  
  17  1:21  Drone  
  18  1:31  Drone  
  19  1:41  Drone  
  20  1:53  Drone  
  21  1:56  Drone  
  21  1:59  Hatchery  
  21  2:03  Drone  
  22  2:08  Queen  
  24  2:18  Drone  
  24  2:21  Drone  
  26  2:25  Overlord  
  26  2:31  Zergling x4  
  26  2:34  Extractor  
  26  2:35  Zergling x2  
  29  2:43  Queen  
  31  2:46  Drone  
  31  2:48  Drone  
  31  2:50  Drone  
  34  2:55  Queen  
  36  3:00  Overlord  
  36  3:12  Drone  
  37  3:14  Drone x3  
  37  3:17  Overlord  
  42  3:21  Drone  
  42  3:23  Drone  
  42  3:24  Drone  
  42  3:25  Drone  
  46  3:27  Lair  
  46  3:30  Drone  
  47  3:34  Overlord  
  47  3:35  Drone  
  47  3:38  Drone  
  47  3:40  Metabolic Boost  
  47  3:41  Roach Warren  
  46  3:43  Queen  
  46  3:45  Spore Crawler  
  46  3:48  Spore Crawler  
  47  3:49  Drone  
  49  3:55  Drone x2  
  49  3:57  Extractor, Drone  
  49  3:58  Extractor  
  49  3:59  Drone x2  
  49  4:01  Drone  
  52  4:03  Drone  
  52  4:06  Overlord  
  52  4:08  Overlord  
  53  4:12  Zergling x2  
  53  4:13  Zergling x2  
  55  4:17  Roach Warren  
  55  4:21  Queen  
  56  4:28  Nydus Network  
  55  4:32  Zergling x4  
  55  4:35  Queen  
  59  4:45  Overlord  
  59  4:46  Overlord  
  59  4:53  Overseer  
  59  4:56  Glial Reconstitution  
  59  5:02  Roach  
  59  5:03  Roach x4  
  59  5:04  Roach  
  71  5:09  Roach x2  
  74  5:14  Overlord  
  74  5:15  Overlord  
  76  5:21  Roach x3  
  76  5:25  Overlord  
  76  5:26  Overlord  
  80  5:33  Roach x2  
  80  5:35  Nydus Canal  
  84  5:37  Roach  
  84  5:40  Roach  
  89  5:42  Roach  
  89  5:46  Roach  
  89  5:47  Roach  
  93  5:51  Roach  
  93  5:53  Roach  
  93  6:02  Roach  
  93  6:03  Roach  
  89  6:04  Roach  
  89  6:05  Roach  
  89  6:06  Queen  
  83  6:11  Queen  
  83  6:15  Queen  
  74  6:23  Drone  
  74  6:24  Drone  
  68  6:25  Spore Crawler  
  68  6:27  Spore Crawler  
  68  6:31  Drone  
  67  6:33  Drone  
  67  6:37  Drone x4  
  64  6:46  Queen, Overlord  
  62  6:47  Queen  
  62  6:54  Queen  
  64  7:01  Spore Crawler  
  64  7:02  Spore Crawler  
  64  7:03  Spore Crawler  
  64  7:04  Drone  
  64  7:06  Spore Crawler x2  
  64  7:07  Drone x2  
  60  7:10  Drone  
  60  7:15  Drone x3, Spore Crawler  
  61  7:37  Tunneling Claws  
  59  7:38  Drone x2, Burrow  
  59  7:39  Queen x2  
  59  7:41  Drone  
  59  7:44  Extractor, Drone x2  
  68  7:45  Drone  
  68  7:46  Drone  
  68  7:48  Drone  
  70  7:54  Spore Crawler  
  70  7:55  Drone  
  70  7:56  Drone x2  
  72  8:00  Spore Crawler  
  71  8:15  Queen  
  71  8:17  Queen  
  75  8:20  Drone  
  75  8:22  Roach  
  75  8:23  Evolution Chamber, Roach x8  
  75  8:24  Roach  
  75  8:26  Roach  
  97  8:34  Infestation Pit  
  97  8:38  Drone  
  97  8:39  Drone  
  97  8:40  Drone  
  97  8:41  Extractor, Drone  
  99  8:42  Drone x2  
  99  8:43  Extractor  
  99  8:45  Drone  
  101  8:49  Overlord  
  101  8:58  Zerg Missile Weapons Level 1  
  101  9:01  Drone x4  
  101  9:02  Drone  
  106  9:11  Hatchery  
  106  9:15  Roach x9  
  106  9:16  Roach x4  
  106  9:17  Roach  
  125  9:18  Roach x2  
  125  9:21  Overlord  
  126  9:29  Roach  
  122  9:32  Roach  
  122  9:33  Roach  
  122  9:37  Roach  
  120  9:39  Queen x3  
  120  9:41  Ravager, Roach  
  120  9:42  Ravager x5  
  120  9:43  Ravager  
  133  9:46  Roach  
  133  9:51  Roach x5  
  133  9:52  Roach x2  
  131  9:53  Roach  
  131  9:54  Roach  
  116  10:01  Roach  
  116  10:03  Roach  
  116  10:05  Roach x2  
  106  10:08  Zergling x2  
  106  10:10  Zergling x2  
  106  10:11  Zergling x2  
  106  10:12  Roach x2  
  103  10:14  Roach  
  103  10:20  Roach, Zergling x2  
  106  10:22  Ravager  
  106  10:23  Ravager, Zergling x2  
  106  10:24  Roach  
  106  10:28  Roach  
  100  10:31  Roach, Zergling x2  
  93  10:36  Roach  
  93  10:37  Roach  
  93  10:39  Roach  
  93  10:41  Roach  
  96  10:44  Ravager  
  96  10:46  Roach x2  
  96  10:47  Roach x3  
  96  10:48  Roach x2  
  88  10:52  Zergling x6  
  86  10:57  Zergling x4  
  86  10:59  Zergling x2  
  86  11:00  Zergling x2  
  86  11:02  Zergling x2  
  90  11:04  Ravager x2  
  90  11:05  Ravager  
  90  11:08  Zergling x2  
  90  11:09  Zergling x2  
  93  11:12  Ravager x2  
  93  11:14  Roach x7  
  93  11:16  Zergling x2  
  98  11:18  Zergling x2  
  98  11:20  Roach, Zergling x2  
  98  11:25  Roach  
  98  11:27  Roach  
  98  11:36  Roach x4, Drone  
  98  11:37  Roach  
  92  11:47  Roach x2  
  92  11:52  Ravager x2  
  92  11:53  Ravager  
  92  11:54  Ravager  
  98  11:57  Roach  
  99  12:01  Hatchery  
  99  12:03  Roach  
  99  12:07  Roach, Zergling x2  
  96  12:17  Roach x2  
  100  12:28  Roach x2  
  104  12:31  Hatchery, Infestation Pit  
  96  12:39  Roach x2  
  96  12:41  Zerg Missile Weapons Level 2  
  94  12:47  Roach x11  
  94  12:49  Roach  
  94  12:50  Roach  
  98  12:59  Overseer  
  98  13:02  Overlord x2  
  97  13:12  Infestor x2  
  97  13:16  Infestor  
  103  13:24  Zergling x6  
  106  13:31  Zergling x6  
  109  13:35  Zergling x2  
  109  13:38  Zergling x2  
  111  13:43  Ravager  
  111  13:44  Ravager  
  111  13:45  Ravager  
  111  13:47  Zergling x2  
  113  13:52  Zergling x2  
  114  13:56  Zergling x2  
  114  13:57  Zergling x2  
  114  14:00  Ravager x2  
  114  14:01  Ravager  
  119  14:07  Overlord  
  119  14:09  Ravager x3  
  122  14:14  Roach  
  124  14:19  Roach, Zergling x2  
  124  14:23  Roach  
  128  14:30  Roach x2  
  132  14:32  Drone x2  
  134  14:43  Roach x2  
  138  14:52  Overlord  
  138  14:53  Overlord  
  137  15:06  Drone  
  138  15:13  Drone x4  
  142  15:16  Extractor  
  142  15:19  Pathogen Glands  
  104  15:56  Hatchery  
  103  16:00  Infestor x5  
  113  16:11  Ravager x2  
  113  16:12  Ravager x3  
  113  16:13  Zergling x2  
  113  16:14  Zergling x6  
  113  16:18  Zergling x4  
  124  16:20  Zergling x2  
  125  16:27  Zergling x6  
  128  16:36  Roach  
  130  16:40  Overlord x2  
  108  16:48  Roach x3  
  108  16:53  Zergling x4  
  110  16:59  Roach  
Show
View Real Time Build Order
Export as new Build Order

NORTHAMERICA Protoss - Winner!

Build Orders: 1 Gate Expand, Oracle Opening 

Get SALT Encoding   

  12  0:01  Probe  
  13  0:13  Probe  
  14  0:19  Pylon  
  14  0:25  Probe  
  15  0:34  Probe  
  15  0:38  Gateway  
  15  0:42  Probe  
  17  0:50  Assimilator  
  17  0:51  Probe  
  18  1:03  Probe  
  19  1:15  Probe  
  20  1:25  Nexus  
  20  1:36  Cybernetics Core  
  20  1:38  Probe  
  21  1:46  Assimilator  
  21  1:51  Probe  
  22  1:55  Pylon  
  22  2:03  Probe  
  22  2:05  Adept  
  23  2:15  Probe  
  26  2:22  Stargate  
  26  2:27  Probe  
  27  2:31  Warp Gate  
  27  2:33  Stalker  
  27  2:37  Probe  
  27  2:39  Probe  
  31  2:45  Probe  
  32  2:51  Probe  
  32  2:53  Probe  
  32  2:58  Oracle  
  34  3:03  Probe  
  36  3:05  Probe  
  39  3:15  Probe  
  39  3:17  Probe, Gateway  
  41  3:23  Pylon  
  41  3:28  Probe  
  41  3:29  Probe  
  43  3:34  Assimilator  
  43  3:36  Assimilator  
  43  3:37  Oracle  
  43  3:41  Probe  
  47  3:42  Probe  
  47  3:45  Pylon  
  48  3:53  Probe  
  48  3:55  Probe  
  50  4:02  Stargate  
  50  4:05  Probe  
  50  4:07  Probe  
  52  4:11  Oracle, Pylon  
  52  4:14  Pylon  
  52  4:17  Probe  
  52  4:20  Probe  
  57  4:25  Pylon  
  57  4:29  Probe  
  58  4:36  Probe  
  59  4:38  Oracle  
  59  4:41  Probe  
  59  4:43  Oracle  
  59  4:44  Zealot x2  
  70  5:03  Nexus  
  70  5:06  Pylon  
  70  5:08  Adept  
  70  5:12  Oracle  
  72  5:14  Adept  
  72  5:15  Oracle  
  80  5:21  Probe x2  
  80  5:25  Shield Battery  
  82  5:31  Zealot  
  82  5:33  Probe  
  82  5:34  Probe  
  86  5:36  Pylon  
  86  5:38  Forge  
  86  5:43  Zealot  
  86  5:44  Oracle  
  86  5:45  Probe  
  89  5:54  Oracle  
  93  6:09  Pylon  
  93  6:14  Probe  
  93  6:16  Stalker  
  93  6:17  Stalker  
  89  6:21  Void Ray  
  88  6:31  Protoss Ground Weapons Level 1  
  87  6:36  Probe  
  85  6:44  Photon Cannon  
  85  6:46  Zealot x2  
  89  6:48  Probe  
  90  7:00  Twilight Council, Probe  
  89  7:03  Probe  
  89  7:07  Stalker x2  
  94  7:09  Probe  
  94  7:12  Probe  
  94  7:14  Blink  
  96  7:16  Probe  
  96  7:20  Probe  
  96  7:21  Probe  
  98  7:28  Probe  
  98  7:29  Probe  
  100  7:33  Probe  
  96  7:40  Probe  
  96  7:41  Probe  
  98  7:44  Gateway  
  98  7:45  Probe  
  98  7:47  Gateway x2  
  99  7:52  Gateway x2  
  99  7:59  Robotics Facility  
  99  8:02  Sentry, Pylon  
  99  8:03  Sentry  
  103  8:05  Photon Cannon  
  103  8:09  Probe  
  104  8:13  Pylon x2  
  104  8:22  Gateway  
  104  8:23  Gateway  
  104  8:33  Sentry  
  106  8:34  Warp Prism  
  106  8:35  Stalker  
  108  8:42  Assimilator  
  110  8:54  Stalker x2  
  110  8:55  Stalker x3  
  120  9:04  Observer  
  120  9:08  Photon Cannon  
  120  9:09  Charge, Stalker x2  
  124  9:15  Pylon  
  125  9:17  Pylon  
  125  9:30  Stalker x3  
  125  9:31  Stalker x4  
  129  9:38  Probe  
  129  9:42  Photon Cannon  
  115  9:53  Stalker x4  
  107  10:05  Probe  
  96  10:13  Zealot x4  
  96  10:14  Zealot  
  84  10:33  Stalker x3  
  78  10:48  Observer  
  75  10:52  Zealot x4  
  81  11:03  Probe  
  81  11:08  Photon Cannon  
  75  11:11  Zealot x3  
  75  11:12  Zealot x3  
  58  11:41  Stalker  
  58  11:42  Photon Cannon, Zealot  
  58  11:43  Zealot x2, Observer  
  66  11:51  Probe  
  57  12:13  Probe  
  55  12:27  Probe  
  52  12:31  Stalker x2  
  52  12:33  Zealot x5  
  65  12:40  Probe  
  66  12:46  Pylon  
  66  12:53  Immortal  
  66  12:55  Photon Cannon  
  66  13:02  Assimilator  
  70  13:12  Probe  
  71  13:15  Probe  
  72  13:24  Robotics Bay  
  72  13:26  Probe  
  73  13:28  Probe  
  74  13:35  Zealot  
  74  13:36  Zealot  
  76  13:50  Probe  
  76  13:51  Probe  
  78  14:01  Disruptor  
  76  14:03  Probe  
  76  14:04  Robotics Facility  
  77  14:12  Stalker  
  77  14:14  Sentry  
  82  14:32  Disruptor  
  82  14:45  Disruptor  
  88  15:03  Zealot x2  
  90  15:09  Disruptor, Stalker x2  
  90  15:10  Nexus  
  92  15:18  Shield Battery  
  86  15:37  Zealot  
  86  15:38  Zealot x3  
  89  15:45  Disruptor  
  89  15:49  Disruptor  
  93  15:57  Probe  
  94  16:11  Disruptor  
  94  16:14  Stalker x2  
  98  16:24  Probe  
  97  16:51  Stalker x3  
  97  16:52  Stalker x2  
Tags
 
Add a new tag
Caveats
  • Supply blocks, unpowered buildings, or Contaminate may cause inaccurate times.
  • Supply counts are checked every 10 seconds.